 Dungeon Crawl Stone Soup version 0.17.1-3-g152610e (webtiles) character file.

370 Nekard the Skirmisher (level 6, -6/62 HPs)
             Began as a Troll Berserker on Mar 23, 2016.
             Was a Priest of Trog.
             Killed by divine providence
             ... invoked by an orc priest
              (11 damage)
             ... on level 4 of the Dungeon on Mar 24, 2016.
             The game lasted 00:47:46 (3017 turns).

Nekard the Skirmisher (Troll Berserker)             Turns: 3017, Time: 00:47:50

Health: -6/62      AC: 10    Str: 28    XL:     6   Next: 42%
Magic:  5/5        EV: 10    Int:  3    God:    Trog [***...]
Gold:   133        SH:  0    Dex:  9    Spells: 0 memorised, 5 levels left

rFire  . . .     SeeInvis .     C - +4 quarterstaff (chaos)
rCold  . . .     Clarity  .     q - +0 robe
rNeg   . . .     SustAt   .     (shield currently unavailable)
rPois  +         Gourm    +     (helmet restricted)
rElec  .         Spirit   .     (no cloak)
rCorr  .         Warding  .     (gloves unavailable)
rMut   .         Stasis   .     (boots unavailable)
MR     .....                    (no amulet)
Stlth  +.........               B - +5 ring of protection
                                y - ring of poison resistance

@: confused, not resistant to hostile enchantments, very unstealthy
A: unfitting armour, claws 3, fast metabolism 3, gourmand, regeneration 2,
shaggy fur 1, tough skin 2
a: Berserk, Trog's Hand, Burn Spellbooks, Renounce Religion


You were on level 4 of the Dungeon.
You worshipped Trog.
Trog was most pleased with you.
You were not hungry.

You visited 1 branch of the dungeon, and saw 4 of its levels.

You collected 133 gold pieces.

Inventory:

Hand Weapons
 a - a +0 mace
 f - a +0 hunting sling
 j - a +0 falchion
 k - a +0 whip
 t - a +0 blowgun
 A - a +0 blowgun
 C - a +4 quarterstaff of chaos (weapon)
 D - a +2 mace of holy wrath
 E - a +0 flail
Missiles
 e - 7 bolts
 g - 40 poisoned needles
 h - 13 sling bullets
 m - 17 arrows
 p - 8 needles of confusion
 s - 106 stones (quivered)
Armour
 b - a +0 animal skin
 q - a +0 robe (worn)
 I - a +0 cloak
Jewellery
 y - a ring of poison resistance (left claw)
 B - a +5 ring of protection (right claw)
Wands
 F - a wand of frost (19)
Scrolls
 d - a scroll of remove curse
 i - 3 scrolls of blinking
 l - a scroll of amnesia
 o - a scroll of recharging {unknown}
 u - a scroll of enchant armour {unknown}
 w - a scroll of noise {unknown}
 z - a scroll of teleportation {unknown}
Potions
 r - a potion of cancellation {unknown}
 H - a potion of curing {unknown}
Books
 v - a book of the Earth

   Spells                             Type                      Level
   a - Leda's Liquefaction            Hexes/Earth                  4
   b - Bolt of Magma                  Conjuration/Fire/Earth       5
   c - Statue Form                    Transmutation/Earth          6
   d - Iron Shot                      Conjuration/Earth            6
   e - Shatter                        Earth                        9
   Trog disapproves of the use of such an item.
 x - a book of Party Tricks

   Spells                             Type                      Level
   a - Summon Butterflies             Summoning                    1
   b - Apportation                    Translocation                1
   c - Tukima's Dance                 Hexes                        3
   d - Alistair's Intoxication        Transmutation/Poison         4
   e - Invisibility                   Hexes                        6
   Trog disapproves of the use of such an item.
Comestibles
 c - 4 bread rations
 n - 3 meat rations
 G - 3 chunks of flesh


   Skills:
 * Level 4.2 Fighting
 + Level 3.8 Maces & Flails
 + Level 0.3 Slings
 + Level 4.0 Dodging
 + Level 0.1 Stealth


You had 5 spell levels left.
You didn't know any spells.

Dungeon Overview and Level Annotations

Branches:
Dungeon (4/15)
 Temple: D:4-7

Altars:

Annotations:
D:4 Pikel


Innate Abilities, Weirdness & Mutations

You are too large for most types of armour.
You have claws for hands.
Your metabolism is lightning-fast.
You like to eat raw meat.
You heal very quickly.
You are covered in fur (AC +1).
You have very tough skin (AC +2).


Message History

The orc wizard hits you but does no damage.
The slave hits you.
* * * LOW HITPOINT WARNING * * *
The orc priest closely misses you.
The orc priest hits you but does no damage.
The orc wizard casts a spell at you.
You are confused.
The slave closely misses you.
You're too confused to move!
The orc priest miscasts a cantrip.
The slave hits you.
* * * LOW HITPOINT WARNING * * *
The orc priest miscasts a cantrip.
Pikel hits you with a whip of freezing.
* * * LOW HITPOINT WARNING * * *
Pikel freezes you.
* * * LOW HITPOINT WARNING * * *
The orc priest mumbles some strange prayers to Beogh against you.
Something smites you!
You die...

..!
##.#
##..###
#.....#
#)....#
#.....#
#o....#
#
#.pK..#
####.#
#o@####
.....#
#.##
..####
#.# #.#
#.# #.#
#.# #.#
#.# #.#
#.# #.#
#.#
..####
#.#


You could see Pikel, a slave, an orc priest and an orc wizard.

Vanquished Creatures
  A phantom (D:4)
  An orc priest (D:3)
  Crazy Yiuf (D:4)
  3 worker ants (D:4)
  3 adders
  A gnoll (D:1)
  7 worms
  14 orcs
  5 bats
  3 giant cockroaches
  6 hobgoblins
  3 kobolds
  2 quokkas
  2 ball pythons
  2 giant newts
  6 goblins
  9 jackals
  4 rats
  3 fungi (D:4)
76 creatures vanquished.

Notes
Turn   | Place    | Note
--------------------------------------------------------------
     0 | D:1      | Nekard the Troll Berserker began the quest for the Orb.
     0 | D:1      | Reached XP level 1. HP: 22/22 MP: 0/0
   412 | D:1      | Reached XP level 2. HP: 29/29 MP: 1/1
   520 | D:1      | Reached skill level 3 in Maces & Flails
   893 | D:1      | Reached XP level 3. HP: 36/36 MP: 2/2
  1358 | D:3      | Reached ** piety under Trog
  1633 | D:3      | Reached XP level 4. HP: 35/44 MP: 3/3
  2213 | D:3      | Reached XP level 5. HP: 20/53 MP: 4/4
  2533 | D:4      | Noticed a phantom
  2585 | D:4      | Killed a phantom
  2585 | D:4      | Reached skill level 4 in Fighting
  2585 | D:4      | Reached XP level 6. HP: 34/62 MP: 5/5
  2670 | D:4      | Noticed Crazy Yiuf
  2674 | D:4      | Killed Crazy Yiuf
  2674 | D:4      | Reached *** piety under Trog
  3006 | D:4      | Noticed Pikel
  3008 | D:4      | Noticed a slave
  3017 | D:4      | Killed from afar by an orc priest

Action                   |  1- 3 |  4- 6 || total
-------------------------+-------+-------++-------
Melee: Mace              |   121 |   177 ||   298
       Quarterstaff      |       |    17 ||    17
 Fire: Hunting sling     |       |    13 ||    13
Evoke: Wand              |       |     1 ||     1
  Use: Scroll            |       |     3 ||     3
  Eat: Chunk             |    19 |     8 ||    27
       Royal jelly       |       |     1 ||     1
